 Dungeon Crawl Stone Soup version 0.31.0-9-g3a7656b989 (webtiles) character file.

Game seed: 1312006111625249753

51 qw the Shooter (level 3, 0/20 HPs)
             Began as a Deep Elf Hunter on Feb 2, 2024.
             Slain by a quokka (2 damage)
             ... on level 2 of the Dungeon.
             The game lasted 00:00:03 (884 turns).

qw the Shooter (Deep Elf Hunter)                     Turns: 884, Time: 00:00:03

Health: 0/20       AC:  3    Str: 10    XL:     3   Next: 57%
Magic:  5/5        EV: 12    Int: 13    God:
Gold:   116        SH:  0    Dex: 18    Spells: 2/2 levels left

rFire   + . .        a - +0 shortbow
rCold   . . .        (shield currently unavailable)
rNeg    . . .        c - +0 leather armour
rPois   .            (no helmet)
rElec   .            (no cloak)
rCorr   .            (no gloves)
SInv    .            (no boots)
Will    .....        (no amulet)
Stlth   ++           g - ring of protection from fire
HPRegen 0.23/turn    (no ring)
MPRegen 0.09/turn

%: no passive effects
@: no status effects
A: no striking features
a: no special abilities


You were on level 2 of the Dungeon.
You visited 1 branch of the dungeon, and saw 2 of its levels.

You collected 116 gold pieces.


   Skills:
 - Level 1.5 Fighting
 + Level 7.1 Ranged Weapons
 - Level 2.4 Dodging
 - Level 1.2 Stealth


You had 2 spell levels left.
You didn't know any spells.
Your spell library was empty.

Inventory:

Hand Weapons
 a - a +0 shortbow (weapon)
Armour
 c - a +0 leather armour (worn)
Jewellery
 g - a ring of protection from fire (left hand)
Scrolls
 b - a scroll of poison {unknown}
 e - a scroll of revelation {unknown}
Potions
 d - a potion of enlightenment
 i - a potion of haste
 j - a potion of curing

Dungeon Overview and Level Annotations

Branches:
Dungeon (2/15)

Altars:

Shops:
D:1 =


Message History

b - a scroll labelled YFAEHE HUUKHU You now have 103 gold pieces (gained 8).
You now have 116 gold pieces (gained 13).
Found 4 stones.
Found a stone staircase leading down.
e - a scroll labelled NOOFUPHUOSK You open the door.
An adder and a bat come into view.
The adder hisses angrily.
A quokka comes into view.
The bat moves out of view.
You shoot an arrow. The arrow closely misses the adder.
You shoot an arrow. The arrow hits the bat.
You kill the bat!
You shoot an arrow. The arrow misses the adder.
You shoot an arrow. The arrow hits the adder.
The adder is moderately wounded.
The adder bites you.
You are poisoned.
The adder poisons you!
You shoot an arrow. The arrow barely misses the adder.
The arrow barely misses the quokka.
You feel sick. The adder closely misses you. The adder barely misses you.
You shoot an arrow. The arrow hits the adder.
The adder is almost dead.
You feel sick. The quokka bites you. The adder bites you. The quokka bites you.
You shoot an arrow. The arrow hits the adder!
You kill the adder!
You feel sick. The quokka misses you.
Your Ranged Weapons skill increases to level 7!
You shoot an arrow. The arrow barely misses the quokka.
You feel sick. The quokka barely misses you.
You shoot an arrow.
The arrow hits the quokka but does no damage.
You feel sick.
The quokka bites you but does no damage.
You shoot an arrow. The arrow closely misses the quokka.
You feel sick.
You are no longer poisoned.
The quokka bites you.
You die...

#########..######..
#...>......(....
#.####..........
#.# #.......##.#
#.# #.#####+#
##'###.# . .
#...##.# ....
#...##.###%....
#......@%.#
##......r.#
###......# #......#
#......# ########


You could see a quokka.

Vanquished Creatures
  An adder (D:2)
  A ribbon worm (D:2)
  3 bats
  6 endoplasms (D:1)
  3 giant cockroaches (D:1)
  2 hobgoblins (D:1)
  6 jackals (D:1)
  A kobold (D:1)
  A quokka (D:1)
  3 ball pythons (D:1)
  A frilled lizard (D:1)
  4 goblins (D:1)
32 creatures vanquished.

Notes
Turn   | Place    | Note
-------+----------+-------------------------------------------
     0 | D:1      | qw the Deep Elf Hunter began the quest for the Orb.
     0 | D:1      | Reached XP level 1. HP: 12/12 MP: 3/3
     0 | D:1      | 0 ||| qw: Version: 0.3-a-155-g5e7d8dd
     0 | D:1      | 0 ||| qw: Game counter: 973
     0 | D:1      | 0 ||| qw: Melee chars always use a shield: true
     0 | D:1      | 0 ||| qw: God list: Okawaru
     0 | D:1      | 0 ||| qw: Allow faded altars: false
     0 | D:1      | 0 ||| qw: Do Orc after clearing Dungeon:15 true
     0 | D:1      | 0 ||| qw: Do second Lair branch before Depths: true
     0 | D:1      | 0 ||| qw: Lair rune preference: random
     0 | D:1      | 0 ||| qw: Goals: Normal
     0 | D:1      | 0 ||| PLANNING D:1-11
   135 | D:1      | Reached skill level 6 in Ranged Weapons
   135 | D:1      | Reached XP level 2. HP: 16/16 MP: 4/4
   183 | D:1      | 183 ||| RETREEEEATING.
   184 | D:1      | 184 ||| RETREEEEATING.
   185 | D:1      | 185 ||| RETREEEEATING.
   186 | D:1      | 186 ||| RETREEEEATING.
   229 | D:1      | Found Waewagov's Jewellery Shoppe.
   239 | D:1      | 239 ||| SHOPLISTING +4 ring of protection (468 gold, have
                  | 67).
   239 | D:1      | 239 ||| SHOPLISTING +6 ring of dexterity (468 gold, have
                  | 67).
   239 | D:1      | 239 ||| SHOPLISTING amulet of the acrobat (390 gold, have
                  | 67).
   239 | D:1      | 239 ||| SHOPLISTING ring of positive energy (260 gold, have
                  | 67).
   239 | D:1      | 239 ||| SHOPLISTING ring of protection from fire (325 gold,
                  | have 67).
   362 | D:1      | Reached XP level 3. HP: 20/20 MP: 5/5
   383 | D:1      | Found a faded altar of an unknown god.
   716 | D:1      | 716 ||| UPGRADING to ring of protection from fire.
   717 | D:1      | 717 ||| READING 5 scrolls labelled QUBEWAREAM.
   717 | D:1      | 717 ||| IDENTIFYING dark potion
   718 | D:1      | 718 ||| READING 4 scrolls of identify.
   718 | D:1      | 718 ||| IDENTIFYING fizzy purple potion
   719 | D:1      | 719 ||| READING 3 scrolls of identify.
   719 | D:1      | 719 ||| IDENTIFYING clear potion
   720 | D:1      | 720 ||| READING 2 scrolls of identify.
   720 | D:1      | 720 ||| IDENTIFYING inky potion
   721 | D:1      | 721 ||| READING scroll of identify.
   721 | D:1      | 721 ||| IDENTIFYING scroll labelled PIMEAKL CETU
   722 | D:1      | 722 ||| DROPPING scroll of butterflies.
   723 | D:1      | 723 ||| DROPPING potion of brilliance.
   724 | D:1      | 724 ||| DROPPING scroll of vulnerability.
   880 | D:2      | HP: 5/20 [quokka (3)]
   882 | D:2      | Reached skill level 7 in Ranged Weapons
   884 | D:2      | HP: 2/20 [poisoned by an adder]
   884 | D:2      | Slain by a quokka

Levels and vault maps discovered:
D:1:      tekkud_arrival_beachfront_property, layout_loops_ring,
          ebering_ecumenical_altar_ruins, serial_shops, shop,
          amcnicky_mini_pool_small, chequers_jeans, minmay_tromino_i2
D:2:      layout_basic, uniq_sigmund

Skill      XL: |  1  2  3 |
---------------+----------+-----
Ranged Weapons | 6 7 |  7.1
Fighting       | |  1.5
Dodging        | |  2.4
Stealth        | |  1.2

Action                     || total
---------------------------++-------
   Fire: Shortbow          ||    67
    Use: Scroll            ||     5
 Armour: Leather armour    ||    13
  Dodge: Dodged            ||    17

Table legend:
 A = Non-vault XP
 B = Vault XP
 C = Vault XP percentage of total XP
 D = Non-vault monster count
 E = Vault monster count
 F = Vault count percentage of total count
                 A         B        C        D         E       F
            +---------+---------+-------+---------+---------+-------
      Total |      71 |       2 |   2.7 |      31 |       1 |   3.1
            +---------+---------+-------+---------+---------+-------
        D:1 |      53 |       2 |   3.6 |      28 |       1 |   3.4
        D:2 |      18 |       0 |   0.0 |       3 |       0 |   0.0
            +---------+---------+-------+---------+---------+-------
